| TOP OF THE 1ST |
|
Philadelphia Phillies batting - Pitching for Chicago Cubs : RHP Ray Burris
|
|
Pitching: RHP Ray Burris
|
|
|
Batting: RHB Andy Ramirez
|
0-0: SINGLE (Flyball, 3D, EV 90.6 MPH)
|
|
Batting: LHB Lou Whitaker
|
0-0: Ball Andy Ramirez steals 2nd base 1-0: Foul Ball, location: 2F 1-1: Called Strike 1-2: Ball 2-2: DOUBLE (Line Drive, 7LD, EV 107.5 MPH) Andy Ramirez scores
|
|
Batting: LHB Tony Gwynn
|
0-0: Swinging Strike 0-1: Ball 1-1: SINGLE (Groundball, 4MS, EV 66.9 MPH) (infield hit) Lou Whitaker to third
|
|
Batting: RHB Candy Maldonado
|
0-0: SINGLE (Groundball, 6D, EV 102.5 MPH) Lou Whitaker scores Tony Gwynn to second
|
|
Batting: LHB Ken Phelps
|
0-0: Called Strike 0-1: Swinging Strike 0-2: Ball 1-2: Ball 2-2: Ball 3-2: Base on Balls Tony Gwynn to third Candy Maldonado to second
|
|
Batting: RHB Andre Dawson
|
0-0: Fly out, F2 (Popup, 23F, EV 88.1 MPH)
|
|
Batting: RHB Jody Davis
|
0-0: Ball 1-0: Fly out, F7 (Flyball, 7LM, EV 76.9 MPH) Runner from 3rd tags up, SCORES, no throw by LF
|
|
Batting: RHB Dan Thomas
|
0-0: Called Strike 0-1: Ball 1-1: Ball 2-1: Ball 3-1: Foul Ball, location: 2F 3-2: Foul Ball, location: 2F 3-2: Base on Balls Candy Maldonado to third Ken Phelps to second
|
|
Batting: RHB Bill Singer
|
0-0: Ball 1-0: Called Strike 1-1: Foul Ball, location: 2F 1-2: Strikes out swinging
|
| Top of the 1st over - 3 runs, 4 hits, 0 errors, 3 left on base; Philadelphia 3 - Chicago 0 |
| BOTTOM OF THE 1ST |
|
Chicago Cubs batting - Pitching for Philadelphia Phillies : RHP Bill Singer
|
|
Pitching: RHP Bill Singer
|
|
|
Batting: LHB Gerald Perry
|
0-0: Foul Ball, location: 2F 0-1: Fly out, F8 (Flyball, 8LM, EV 87.5 MPH)
|
|
Batting: RHB Lonnie Smith
|
0-0: Ball 1-0: Called Strike 1-1: Ball 2-1: Called Strike 2-2: Foul Ball, location: 2F 2-2: Fly out, F9 (Flyball, 9LM, EV 83.8 MPH)
|
|
Batting: RHB Jim Rice
|
0-0: Called Strike 0-1: Foul Ball, location: 2F 0-2: Foul Ball, location: 2F 0-2: Ball 1-2: Strikes out swinging
|
| Bottom of the 1st over - 0 runs, 0 hits, 0 errors, 0 left on base; Philadelphia 3 - Chicago 0 |
| TOP OF THE 2ND |
|
Philadelphia Phillies batting - Pitching for Chicago Cubs : RHP Ray Burris
|
|
Batting: RHB Andy Ramirez
|
0-0: Foul Ball, location: 2F 0-1: Ball 1-1: Ball 2-1: Ball 3-1: SINGLE (Line Drive, 9S, EV 105.0 MPH)
|
|
Batting: LHB Lou Whitaker
|
0-0: Ball Wild Pitch! Andy Ramirez to second 1-0: Fly out, F8 (Flyball, 78M, EV 78.1 MPH)
|
|
Batting: LHB Tony Gwynn
|
0-0: Called Strike 0-1: Foul Ball, location: 2F 0-2: Ground out U3 (Groundball, 3S, EV 80.0 MPH) Andy Ramirez to third
|
|
Batting: RHB Candy Maldonado
|
0-0: Called Strike 0-1: SINGLE (Groundball, 6MD, EV 108.1 MPH) Andy Ramirez scores
|
|
Batting: LHB Ken Phelps
|
0-0: Ball 1-0: Called Strike 1-1: Ball 2-1: Foul Ball, location: 2F 2-2: Foul Ball, location: 2F 2-2: Ball 3-2: SINGLE (Line Drive, 56D, EV 95.6 MPH) Candy Maldonado to second Candy Maldonado to third
|
|
Batting: RHB Andre Dawson
|
0-0: Ball 1-0: Fly out, F9 (Flyball, 9D, EV 99.4 MPH)
|
| Top of the 2nd over - 1 run, 3 hits, 0 errors, 2 left on base; Philadelphia 4 - Chicago 0 |
| BOTTOM OF THE 2ND |
|
Chicago Cubs batting - Pitching for Philadelphia Phillies : RHP Bill Singer
|
|
Batting: SHB Roy Smalley
|
0-0: Called Strike 0-1: Foul Ball, location: 2F 0-2: Ground out 5-3 (Groundball, 56S, EV 85.0 MPH)
|
|
Batting: RHB Marty Castillo
|
0-0: Foul Ball, location: 2F 0-1: Ball 1-1: Ball 2-1: Ball 3-1: Called Strike 3-2: Base on Balls
|
|
Batting: LHB Dave Bergman
|
0-0: Fly out, F8 (Flyball, 8LM, EV 86.3 MPH)
|
|
Batting: RHB Randy Ready
|
0-0: Ball 1-0: Called Strike 1-1: Ball 2-1: Foul Ball, location: 2F 2-2: Foul Ball, location: 2F 2-2: Ball 3-2: Ground out 4-3 (Groundball, 3, EV 83.8 MPH)
|
| Bottom of the 2nd over - 0 runs, 0 hits, 0 errors, 1 left on base; Philadelphia 4 - Chicago 0 |
| TOP OF THE 3RD |
|
Philadelphia Phillies batting - Pitching for Chicago Cubs : RHP Ray Burris
|
|
Batting: RHB Jody Davis
|
0-0: Fly out, F8 (Line Drive, 8LD, EV 87.5 MPH)
|
|
Batting: RHB Dan Thomas
|
0-0: Ground out 6-3 (Groundball, 6, EV 103.1 MPH)
|
|
Batting: RHB Bill Singer
|
0-0: Called Strike 0-1: Called Strike 0-2: Ball 1-2: Strikes out looking
|
| Top of the 3rd over - 0 runs, 0 hits, 0 errors, 0 left on base; Philadelphia 4 - Chicago 0 |
| BOTTOM OF THE 3RD |
|
Chicago Cubs batting - Pitching for Philadelphia Phillies : RHP Bill Singer
|
|
Batting: RHB Rick Cerone
|
0-0: Ball 1-0: Ball 2-0: Called Strike 2-1: Swinging Strike 2-2: Foul Ball, location: 2F 2-2: Foul Ball, location: 2F 2-2: Ball 3-2: DOUBLE (Groundball, 5L, EV 106.9 MPH)
|
|
Batting: RHB Ray Burris
|
0-0: Sac Bunt to 2L - play at first, batter OUT! 2-4 Rick Cerone to third
|
|
Batting: LHB Gerald Perry
|
0-0: Foul Ball, location: 2F 0-1: Ball 1-1: Ball 2-1: Ball 3-1: SINGLE (Groundball, 25, EV 63.8 MPH) (infield hit)
|
|
Batting: RHB Lonnie Smith
|
0-0: Called Strike 0-1: Ball 1-1: Ball 2-1: Swinging Strike 2-2: Foul Ball, location: 2F 2-2: Fly out, F3 (Popup, 34S, EV 77.5 MPH)
|
|
Batting: RHB Jim Rice
|
0-0: Ball 1-0: Foul Ball, location: 2F 1-1: Foul Ball, location: 2F 1-2: Ground out U3 (Groundball, 34S, EV 68.1 MPH)
|
| Bottom of the 3rd over - 0 runs, 2 hits, 0 errors, 2 left on base; Philadelphia 4 - Chicago 0 |
| TOP OF THE 4TH |
|
Philadelphia Phillies batting - Pitching for Chicago Cubs : RHP Ray Burris
|
|
Batting: RHB Andy Ramirez
|
0-0: Ball 1-0: Ball 2-0: Called Strike 2-1: Ball 3-1: Ground out 6-3 (Groundball, 56, EV 87.5 MPH)
|
|
Batting: LHB Lou Whitaker
|
0-0: Foul Ball, location: 2F 0-1: Fly out, F8 (Flyball, 8RD, EV 97.5 MPH)
|
|
Batting: LHB Tony Gwynn
|
0-0: Ball 1-0: Called Strike 1-1: Foul Ball, location: 2F 1-2: Ground out 1-3 (Groundball, 34S, EV 73.8 MPH)
|
| Top of the 4th over - 0 runs, 0 hits, 0 errors, 0 left on base; Philadelphia 4 - Chicago 0 |
| BOTTOM OF THE 4TH |
|
Chicago Cubs batting - Pitching for Philadelphia Phillies : RHP Bill Singer
|
|
Batting: SHB Roy Smalley
|
0-0: Foul Ball, location: 2F 0-1: Fly out, F8 (Flyball, 8RM, EV 89.4 MPH)
|
|
Batting: RHB Marty Castillo
|
0-0: Fly out, F9 (Flyball, 9LS, EV 96.9 MPH)
|
|
Batting: LHB Dave Bergman
|
0-0: Foul Ball, location: 2F 0-1: Ball 1-1: Called Strike 1-2: Foul Ball, location: 2F 1-2: Fly out, F7 (Flyball, 7D, EV 95.0 MPH)
|
| Bottom of the 4th over - 0 runs, 0 hits, 0 errors, 0 left on base; Philadelphia 4 - Chicago 0 |
| TOP OF THE 5TH |
|
Philadelphia Phillies batting - Pitching for Chicago Cubs : RHP Ray Burris
|
|
Batting: RHB Candy Maldonado
|
0-0: Called Strike 0-1: Ball 1-1: SINGLE (Groundball, 6S, EV 96.9 MPH)
|
|
Batting: LHB Ken Phelps
|
0-0: 2-RUN HOME RUN (Flyball, 8RXD, EV 96.3 MPH), Distance : 422 ft
|
|
Pitching: RHP Shikato Ueda
|
|
|
Batting: RHB Andre Dawson
|
0-0: Ball 1-0: Fly out, F8 (Flyball, 78D, EV 90.0 MPH)
|
|
Batting: RHB Jody Davis
|
0-0: Called Strike 0-1: Ball 1-1: Ball 2-1: Ball 3-1: Swinging Strike 3-2: Fly out, F9 (Line Drive, 9D, EV 90.6 MPH)
|
|
Batting: RHB Dan Thomas
|
0-0: Foul Ball, location: 2F 0-1: Swinging Strike 0-2: Strikes out looking
|
| Top of the 5th over - 2 runs, 2 hits, 0 errors, 0 left on base; Philadelphia 6 - Chicago 0 |
| BOTTOM OF THE 5TH |
|
Chicago Cubs batting - Pitching for Philadelphia Phillies : RHP Bill Singer
|
|
Batting: RHB Randy Ready
|
0-0: Ball 1-0: SINGLE (Line Drive, 89S, EV 108.1 MPH)
|
|
Batting: RHB Rick Cerone
|
0-0: Foul Ball, location: 2F 0-1: Ball 1-1: Foul Ball, location: 2F 1-2: Grounds into double play, 6-4-3 (Groundball, 6, EV 94.4 MPH)
|
|
Batting: RHB Shikato Ueda
|
0-0: DOUBLE (Flyball, 78D, EV 101.3 MPH)
|
|
Batting: LHB Gerald Perry
|
0-0: Ball 1-0: Ball 2-0: Ball 3-0: Base on Balls
|
|
Batting: RHB Lonnie Smith
|
0-0: Ball 1-0: Ball 2-0: Foul Ball, location: 2F 2-1: Fielders Choice at 2nd, 5-4 (Groundball, 5, EV 98.8 MPH)
|
| Bottom of the 5th over - 0 runs, 2 hits, 0 errors, 2 left on base; Philadelphia 6 - Chicago 0 |
| TOP OF THE 6TH |
|
Philadelphia Phillies batting - Pitching for Chicago Cubs : RHP Shikato Ueda
|
|
Batting: RHB Bill Singer
|
0-0: Ball 1-0: Called Strike 1-1: Called Strike 1-2: Strikes out looking
|
|
Batting: RHB Andy Ramirez
|
0-0: Ball 1-0: Ball 2-0: Called Strike 2-1: Foul Ball, location: 2F 2-2: Ball 3-2: Foul Ball, location: 2F 3-2: Foul Ball, location: 2F 3-2: Base on Balls
|
|
Batting: LHB Lou Whitaker
|
0-0: Called Strike 0-1: Ball 1-1: Ball 2-1: Ball 3-1: Called Strike Andy Ramirez steals 2nd base 3-2: SINGLE (Groundball, 4M, EV 100.6 MPH) (infield hit) Andy Ramirez to third
|
|
Batting: LHB Tony Gwynn
|
0-0: Called Strike 0-1: Foul Ball, location: 2F 0-2: Foul Ball, location: 2F 0-2: Ball 1-2: Fielders Choice at 2nd, 5-4 (Groundball, 5L, EV 77.5 MPH) Andy Ramirez scores
|
|
Batting: RHB Candy Maldonado
|
0-0: Ball 1-0: Ball 2-0: Fielders Choice at 2nd, 6-4 (Groundball, 6, EV 105.0 MPH)
|
| Top of the 6th over - 1 run, 1 hit, 0 errors, 1 left on base; Philadelphia 7 - Chicago 0 |
| BOTTOM OF THE 6TH |
|
Chicago Cubs batting - Pitching for Philadelphia Phillies : RHP Bill Singer
|
|
Batting: RHB Jim Rice
|
0-0: Called Strike 0-1: Foul Ball, location: 2F 0-2: Ground out 5-3 (Groundball, 5, EV 88.8 MPH)
|
|
Batting: SHB Roy Smalley
|
0-0: Called Strike 0-1: Ball 1-1: Ball 2-1: Ball 3-1: Base on Balls
|
|
Batting: RHB Marty Castillo
|
0-0: Called Strike 0-1: Foul Ball, location: 2F 0-2: Strikes out swinging
|
|
Batting: LHB Dave Bergman
|
0-0: Called Strike 0-1: Called Strike 0-2: Fly out, F3 (Popup, 34S, EV 78.8 MPH)
|
| Bottom of the 6th over - 0 runs, 0 hits, 0 errors, 1 left on base; Philadelphia 7 - Chicago 0 |
| TOP OF THE 7TH |
|
Philadelphia Phillies batting - Pitching for Chicago Cubs : RHP Shikato Ueda
|
|
Batting: LHB Ken Phelps
|
0-0: Called Strike 0-1: Called Strike 0-2: Ball 1-2: Hit by Pitch
|
|
Batting: RHB Andre Dawson
|
0-0: SINGLE (Groundball, 6MD, EV 100.0 MPH) Ken Phelps to second
|
|
Batting: RHB Jody Davis
|
0-0: Ball 1-0: Grounds into double play, 5-4-3 (Groundball, 56S, EV 82.5 MPH) Ken Phelps to third
|
|
Batting: RHB Dan Thomas
|
0-0: Ball 1-0: SINGLE (Line Drive, 78M, EV 110.0 MPH) Ken Phelps scores
|
|
Batting: RHB Bill Singer
|
0-0: Foul Ball, location: 2F 0-1: Called Strike 0-2: Ball 1-2: Ball 2-2: Ball 3-2: Strikes out swinging
|
| Top of the 7th over - 1 run, 2 hits, 0 errors, 1 left on base; Philadelphia 8 - Chicago 0 |
| BOTTOM OF THE 7TH |
|
Chicago Cubs batting - Pitching for Philadelphia Phillies : RHP Bill Singer
|
|
Batting: RHB Randy Ready
|
0-0: Foul Ball, location: 2F 0-1: Fly out, F8 (Flyball, 8RM, EV 95.6 MPH)
|
|
Batting: RHB Rick Cerone
|
0-0: Ball 1-0: Ball 2-0: Called Strike 2-1: Ball 3-1: Ground out 2-3 (Groundball, 13S, EV 68.1 MPH)
|
|
Batting: RHB Shikato Ueda
|
0-0: Swinging Strike 0-1: Called Strike 0-2: Strikes out swinging
|
| Bottom of the 7th over - 0 runs, 0 hits, 0 errors, 0 left on base; Philadelphia 8 - Chicago 0 |
| TOP OF THE 8TH |
|
Philadelphia Phillies batting - Pitching for Chicago Cubs : RHP Shikato Ueda
|
|
Pinch Hitting: RHB Ivan de Jesus
|
0-0: Called Strike 0-1: Foul Ball, location: 2F 0-2: Strikes out looking
|
|
Batting: LHB Lou Whitaker
|
0-0: Called Strike 0-1: Ball 1-1: Hit by Pitch
|
|
Batting: LHB Tony Gwynn
|
0-0: Ball 1-0: Ball 2-0: Called Strike 2-1: Fielders Choice at 2nd, 3-6 (Groundball, 3, EV 94.4 MPH)
|
|
Batting: RHB Candy Maldonado
|
0-0: Ball 1-0: Called Strike 1-1: Foul Ball, location: 2F 1-2: Ball Tony Gwynn is caught stealing 2nd base 2-4
|
| Top of the 8th over - 0 runs, 0 hits, 0 errors, 0 left on base; Philadelphia 8 - Chicago 0 |
| BOTTOM OF THE 8TH |
|
Chicago Cubs batting - Pitching for Philadelphia Phillies : RHP Bill Singer
|
|
Now at SS: Ivan de Jesus
|
|
|
Batting: LHB Gerald Perry
|
0-0: Called Strike 0-1: Ground out 6-3 (Groundball, 6S, EV 86.9 MPH)
|
|
Batting: RHB Lonnie Smith
|
0-0: Ball 1-0: Called Strike 1-1: Foul Ball, location: 2F 1-2: Foul Ball, location: 2F 1-2: SINGLE (Line Drive, 56D, EV 95.6 MPH)
|
|
Batting: RHB Jim Rice
|
0-0: Ball 1-0: Fielders Choice at 2nd, 1-6 (Groundball, 34S, EV 65.0 MPH)
|
|
Batting: SHB Roy Smalley
|
0-0: Ball 1-0: Ball 2-0: Ball 3-0: Base on Balls Jim Rice to second
|
|
Batting: RHB Marty Castillo
|
0-0: Ball 1-0: Foul Ball, location: 2F 1-1: Ball 2-1: Ball 3-1: Foul Ball, location: 2F 3-2: Base on Balls Jim Rice to third Roy Smalley to second
|
|
Batting: LHB Dave Bergman
|
0-0: Ball 1-0: Called Strike 1-1: Swinging Strike 1-2: Strikes out swinging
|
| Bottom of the 8th over - 0 runs, 1 hit, 0 errors, 3 left on base; Philadelphia 8 - Chicago 0 |
| TOP OF THE 9TH |
|
Philadelphia Phillies batting - Pitching for Chicago Cubs : RHP Shikato Ueda
|
|
Batting: RHB Candy Maldonado
|
0-0: Fly out, F8 (Flyball, 78S, EV 86.9 MPH)
|
|
Batting: LHB Ken Phelps
|
0-0: Swinging Strike 0-1: Ball 1-1: Foul Ball, location: 2F 1-2: Strikes out swinging
|
|
Batting: RHB Andre Dawson
|
0-0: Hit by Pitch
|
|
Batting: RHB Jody Davis
|
0-0: Ball 1-0: Ball 2-0: Foul Ball, location: 2F 2-1: Fielders Choice at 2nd, 6-4 (Groundball, 6, EV 81.3 MPH)
|
| Top of the 9th over - 0 runs, 0 hits, 0 errors, 1 left on base; Philadelphia 8 - Chicago 0 |
| BOTTOM OF THE 9TH |
|
Chicago Cubs batting - Pitching for Philadelphia Phillies : RHP Bill Singer
|
|
Batting: RHB Randy Ready
|
0-0: Ball 1-0: Fly out, F8 (Flyball, 8RS, EV 92.5 MPH)
|
|
Batting: RHB Rick Cerone
|
0-0: Ball 1-0: Ball 2-0: Called Strike 2-1: Called Strike 2-2: Strikes out looking
|
|
Pinch Hitting: RHB Gary Ward
|
0-0: Ball 1-0: SINGLE (Groundball, 34D, EV 108.8 MPH)
|
|
Batting: LHB Gerald Perry
|
0-0: Called Strike 0-1: Ball 1-1: Swinging Strike 1-2: Ball 2-2: Ball 3-2: Foul Ball, location: 2F 3-2: Foul Ball, location: 2F 3-2: Foul Ball, location: 2F 3-2: Foul Ball, location: 2F 3-2: Ground out 5-3 (Groundball, 5D, EV 89.4 MPH)
|
| Bottom of the 9th over - 0 runs, 1 hit, 0 errors, 1 left on base; Philadelphia 8 - Chicago 0 |
|